 Dungeon Crawl Stone Soup version 0.18.1-48-g4cf74bf (webtiles) character file.

50 HEYYEYAAE the Chiller (level 3, -1/28 HPs)
             Began as a Draconian Ice Elementalist on Sept 1, 2016.
             Slain by a goblin
             ... wielding a +0 dagger
             ... led by Robin
              (3 damage)
             ... on level 2 of the Dungeon.
             The game lasted 00:01:49 (1233 turns).

HEYYEYAAE the Chiller (Draconian Ice Elementalist)  Turns: 1233, Time: 00:01:49

Health: -1/28      AC:  5    Str: 10    XL:     3   Next: 55%
Magic:  6/7        EV: 12    Int: 16    God:
Gold:   53         SH:  0    Dex: 11    Spells: 1 memorised, 6 levels left

rFire  . . .     SeeInvis .     (no weapon)
rCold  . . .     Gourm    .     (armour unavailable)
rNeg   . . .     Faith    .     (no shield)
rPois  .         Spirit   .     (helmet restricted)
rElec  .         Dismiss  .     (no cloak)
rCorr  .         Reflect  .     (no gloves)
SustAt .         Harm     .     (no boots)
MR     .....                    (no amulet)
Stlth  ++........               (no ring)
                                (no ring)

@: not resistant to hostile enchantments, unstealthy
A: unfitting armour, cold-blooded, AC +5
a: no special abilities


You were on level 2 of the Dungeon.
You were hungry.

You visited 1 branch of the dungeon, and saw 3 of its levels.

You collected 53 gold pieces.

Inventory:

Scrolls
 e - 2 scrolls of noise
Books
 a - a book of Frost

   Spells                             Type                      Level
   a - Freeze                         Ice                          1
   b - Throw Frost                    Conjuration/Ice              2
   c - Ozocubu's Armour               Charms/Ice                   3
   d - Throw Icicle                   Conjuration/Ice              4
   e - Summon Ice Beast               Ice/Summoning                4
Comestibles
 b - a bread ration
 d - 2 fruits
 f - a meat ration
 g - a chunk of flesh


   Skills:
 + Level 1.2 Fighting
 + Level 2.1 Dodging
 - Level 1.7 Stealth
 * Level 2.7 Spellcasting
   Level 1.0 Conjurations
 * Level 3.5 Ice Magic


You had 6 spell levels left.
You knew the following spells:

 Your Spells              Type           Power        Failure   Level  Hunger
a - Freeze                Ice            ##..         6%          1    #......


Dungeon Overview and Level Annotations

Branches:
Dungeon (3/15)

Altars:

Annotations:
D:2 Robin


Innate Abilities, Weirdness & Mutations

Your plain brown scales are hard (AC +5).
Your body does not fit into most forms of armour.
You are cold-blooded and may be slowed by cold attacks.


Message History

You freeze the goblin.
The goblin is heavily wounded.
The goblin hits you. x2; The quokka bites you.
The goblin hits you with a dagger. The goblin hits you.
* * * LOW HITPOINT WARNING * * *
The goblin barely misses you. x2; The goblin hits you with a dagger.
* * * LOW HITPOINT WARNING * * *
Read which item? (? for menu, Esc to quit)
Okay, then.
You hit the goblin.
You kill the goblin!
The quokka completely misses you. The goblin barely misses you.
The goblin closely misses you. The goblin hits you.
* * * LOW HITPOINT WARNING * * *
The goblin barely misses you. The goblin hits you but does no damage.
The quokka bites you but does no damage.
Unknown command.
You closely miss the goblin. The goblin hits you but does no damage.
The goblin hits you with a dagger.
You die...

#####♣.♣ #.# #.... .....
#......###.###†... .....
+.....+......'>...
......#.....#####.##....
......#.....#........###
......#.....#.###..#.#
.....ggg....'.# ##.#.#
.....grgg...######'#.##
.....gg@g...# #.......#
.[....ggg...###.......#
####.....(....#.......##
#....†♣.♣.♣#♣.......[
#........(........#..
#.....♣.♣.♣#♣.....#..
............#......##.
...PP###### #######..#.


P..PP ##+#. You could see Robin, a quokka and 11 goblins.

Vanquished Creatures
  An adder (D:2)
  An ooze (D:2)
  2 dart slugs
  3 giant geckos
  2 bats
  2 giant cockroaches (D:1)
  3 goblins
  6 hobgoblins
  2 giant newts
  3 kobolds
  4 rats
29 creatures vanquished.

Notes
Turn   | Place    | Note
--------------------------------------------------------------
     0 | D:1      | HEYYEYAAE the Draconian Ice Elementalist began the quest for the Orb.
     0 | D:1      | Reached XP level 1. HP: 14/14 MP: 3/3
   135 | D:1      | Reached XP level 2. HP: 12/22 MP: 5/5
   525 | D:2      | Reached XP level 3. HP: 16/27 MP: 2/6
   538 | D:2      | Reached skill level 1 in Fighting
  1220 | D:2      | Noticed Robin
  1233 | D:2      | Slain by a goblin

Skill      XL: |  1  2  3 |
---------------+----------+-----
Dodging        | 2 |  2.1
Fighting       | 1 |  1.2
Stealth        | |  1.7
Spellcasting   | |  2.7
Conjurations   | |  1.0
Ice Magic      | |  3.5

Action                   || total
-------------------------++-------
Melee: Unarmed           ||    82
       Hand axe          ||    80
       Tailslap          ||    11
 Cast: Freeze            ||    17
  Use: Scroll            ||     2
       Potion            ||     2
  Eat: Chunk             ||     1
Armor: Skin              ||    85
Dodge: Dodged            ||   204
